 Dungeon Crawl Stone Soup version 0.19.3-1-g3169bf9 (console) character file.

16293 Lahna the Fighter (level 12, -6/100 HPs)
             Began as a Formicid Fighter on Jan 23, 2017.
             Was a High Priest of Okawaru.
             Killed from afar by a gargoyle (23 damage)
             ... with a stone arrow
             ... on level 12 of the Dungeon.
             The game lasted 00:36:42 (11694 turns).

Lahna the Fighter (Formicid Fighter)               Turns: 11694, Time: 00:36:43

Health: -6/100     AC: 17    Str: 23    XL:     12   Next: 68%
Magic:  17/17      EV: 12    Int:  8    God:    Okawaru [*****.]
Gold:   706        SH: 11    Dex: 13    Spells: 0 memorised, 11 levels left

rFire  . . .     SeeInvis +     v - +6 quarterstaff (chaos)
rCold  . . .     Gourm    .     J - +2 chain mail {rPois}
rNeg   . . .     Faith    .     c - +0 shield
rPois  +         Spirit   .     (helmet unavailable)
rElec  .         Reflect  .     G - +0 cloak
rCorr  +         Harm     .     l - +0 pair of gloves
MR     +....                    E - +0 pair of boots
Stlth  ..........               (no amulet)
                                H - ring of poison resistance
                                X - ring of resist corrosion

@: no status effects
A: permanent stasis, dig shafts and tunnels, four strong arms, antennae 3
a: Dig, Shaft Self, Heroism, Finesse, Renounce Religion


You were on level 12 of the Dungeon.
You worshipped Okawaru.
Okawaru was extremely pleased with you.
You were not hungry.

You visited 2 branches of the dungeon, and saw 13 of its levels.

You collected 706 gold pieces.

Inventory:

Hand Weapons
 v - a +6 quarterstaff of chaos (weapon)
 R - a +0 quarterstaff of freezing
Armour
 c - a +0 shield (worn)
 l - a +0 pair of gloves (worn)
 y - a +0 plate armour
 E - a +0 pair of boots (worn)
 G - a +0 cloak (worn)
 J - a +2 chain mail of poison resistance (worn)
Jewellery
 m - an uncursed ring of wizardry
 o - an uncursed ring of magical power
 w - an uncursed ring of flight
 A - an uncursed ring of ice
 H - a ring of poison resistance (right hand)
 X - a ring of resist corrosion (left hand)
Wands
 b - a wand of disintegration (10/24)
 I - a wand of acid (7/15)
 K - a wand of slowing (28/48)
 M - a wand of iceblast (7/15)
 T - a wand of teleportation (5/9)
 V - a wand of digging (12/24)
Scrolls
 a - 2 scrolls of enchant armour {unknown}
 e - 2 scrolls of remove curse
 k - 2 scrolls of fear {unknown}
 q - 5 scrolls of magic mapping
 s - a scroll of fog {unknown}
 D - a scroll of recharging {unknown}
 L - a scroll of amnesia {unknown}
Potions
 d - 5 potions of might
 i - a potion of invisibility
 j - 7 potions of curing
 n - a potion of heal wounds
 u - a potion of magic
 x - a potion of agility
 B - 2 potions of cure mutation
 C - a potion of brilliance
 F - 2 potions of flight
 P - a potion of resistance
 W - a potion of berserk rage {unknown}
Books
 t - a book of Changes

   Spells                             Type                      Level
   a - Beastly Appendage              Transmutation                1
   b - Sticks to Snakes               Transmutation                2
   c - Spider Form                    Transmutation/Poison         3
   d - Ice Form                       Ice/Transmutation            4
   e - Blade Hands                    Transmutation                5
 z - a book of Misfortune

   Spells                             Type                      Level
   a - Confusing Touch                Hexes                        1
   b - Confuse                        Hexes                        3
   c - Gell's Gravitas                Hexes/Translocation          3
   d - Petrify                        Transmutation/Earth          4
   e - Metabolic Englaciation         Hexes/Ice                    5
   f - Yara's Violent Unravelling     Hexes/Transmutation          5
 O - a book of Battle

   Spells                             Type                      Level
   a - Infusion                       Charms                       1
   b - Shroud of Golubria             Charms/Translocation         2
   c - Song of Slaying                Charms                       2
   d - Spectral Weapon                Hexes/Charms                 3
   e - Regeneration                   Charms/Necromancy            3
Comestibles
 f - 11 bread rations
 h - 10 slices of pizza
 p - 2 meat rations
 r - 13 fruits
 N - 3 beef jerkies
 S - a royal jelly


   Skills:
 - Level 11.0 Fighting
 - Level 10.0 Staves
 + Level 9.3 Armour
 - Level 8.0 Dodging
 - Level 8.0 Shields
 - Level 7.0 Invocations


You had 11 spell levels left.
You didn't know any spells.

Dungeon Overview and Level Annotations

Branches:
Dungeon (12/15)            Temple (1/1) D:6             Orc (0/2) D:10
   Lair: D:8-11

Altars:
Ashenzari
Cheibriados
Dithmenos
Elyvilon
Fedhas
Gozag
Hepliaklqana
Kikubaaqudgha
Makhleb
Nemelex Xobeh
Okawaru
Qazlal
Ru
Sif Muna
Trog
Uskayaw
Vehumet
Xom
Yredelemnul
Zin
The Shining One

Annotations:
D:5 exclusion: oklob plant


Innate Abilities, Weirdness & Mutations

You are under a permanent stasis effect.
You can dig through walls and to a lower floor.
Your four strong arms can wield two-handed weapons with a shield.
You have a pair of large antennae on your head. (SInv)


Message History

The gargoyle hits you but does no damage.
You hit the gargoyle but do no damage.
The gargoyle is moderately damaged.
You block the gargoyle's attack.
You hit the gargoyle but do no damage.
The gargoyle is moderately damaged.
You barely miss the gargoyle.
The gargoyle is moderately damaged.
The gargoyle hurls a stone arrow at you.
The stone arrow hits you!
You hit the gargoyle but do no damage.
The wind howls around the gargoyle!
The gargoyle is moderately damaged.
The gargoyle hurls a stone arrow at you.
The stone arrow hits you!
* * * LOW HITPOINT WARNING * * *
You hit the gargoyle but do no damage.
The gargoyle is moderately damaged.
The gargoyle hurls a stone arrow at you.
The stone arrow hits you!
You die...

.....#
##.........##
.....#
#...........#
.....#
##...........##
.....#
#...8..>..8...#
######
#...........#
#...........#
#....9....# ###
#.#.#9#{#.# ###.#
###@# # # ##...#
#[# ###....# #.#
.......##### #.#
#..........#####.#
.................#
...........#######
...........#
...........#


You could see 2 gargoyles.

Vanquished Creatures
  Fannar (D:10)
  A centaur warrior (D:9)
  The ghost of loom the Thaumaturge, a novice DECj of Vehumet (D:10)
  An unseen horror (D:11)
  3 hill giants
  A cyclops (D:12)
  A manticore (D:12)
  5 gargoyles
  Psyche (D:10)
  2 trolls
  2 two-headed ogres (D:11)
  8 hippogriffs
  2 shadows
  A spriggan (D:10)
  4 yaks
  A wraith (D:10)
  Eustachio (D:6)
  2 hungry ghosts
  A mottled dragon (D:12)
  Menkaure (D:5)
  An orc warrior (D:6)
  3 sky beasts
  4 phantoms
  An eye of draining (D:11)
  5 ogres
  A wolf (D:10)
  4 centaurs
  A crocodile (D:10)
  Blork the orc (D:6)
  2 gnoll sergeants (D:8)
  6 bullfrogs
  A water moccasin zombie (D:7)
  2 killer bees
  2 scorpions
  9 wights
  4 howler monkeys
  5 electric eels
  8 crimson imps
  A centaur zombie (D:11)
  A quasit (D:7)
  3 orc priests
  9 hounds
  5 jellies
  8 orc wizards
  Crazy Yiuf (D:2)
  A bullfrog skeleton (D:8)
  2 centaur skeletons
  Ijyb (D:3)
  3 iguanas
  9 worker ants
  A hound zombie (D:10)
  6 gnolls
  14 adders
  An adder zombie (D:8)
  An ooze (D:1)
  2 adder skeletons
  A worm (D:2)
  2 dart slugs (D:2)
  4 leopard geckos
  25 orcs
  2 ball pythons
  5 bats
  6 giant cockroaches
  13 goblins
  12 hobgoblins
  11 jackals
  11 kobolds
  7 quokkas
  7 frilled lizards
  A leopard gecko skeleton (D:8)
  11 rats
287 creatures vanquished.

Vanquished Creatures (others)
  A hippogriff (D:7)
  An orc warrior (D:9)
  An orc (D:10)
3 creatures vanquished.

Grand Total: 290 creatures vanquished

Notes
Turn   | Place    | Note
-------+----------+-------------------------------------------
     0 | D:1      | Lahna the Formicid Fighter began the quest for the Orb.
     0 | D:1      | Reached XP level 1. HP: 18/18 MP: 1/1
    52 | D:1      | Reached XP level 2. HP: 19/24 MP: 2/2
   113 | D:1      | Reached XP level 3. HP: 14/29 MP: 3/3
   642 | D:1      | Reached XP level 4. HP: 35/35 MP: 4/4
   819 | D:2      | Found a runed door.
  1054 | D:2      | Reached skill level 4 in Fighting
  1171 | D:2      | Reached XP level 5. HP: 42/42 MP: 5/5
  1383 | D:2      | Noticed Crazy Yiuf
  1391 | D:2      | Killed Crazy Yiuf
  1602 | D:3      | Noticed Ijyb
  1610 | D:3      | Killed Ijyb
  1649 | D:3      | Reached skill level 5 in Armour
  1649 | D:3      | Reached XP level 6. HP: 47/48 MP: 6/6
  1786 | D:3      | Found a sacrificial altar of Ru.
  2164 | D:4      | Noticed a phantom
  2201 | D:4      | Killed a phantom
  2324 | D:4      | Noticed an ogre
  2331 | D:4      | Killed an ogre
  2331 | D:4      | Reached XP level 7. HP: 54/54 MP: 7/7
  2612 | D:5      | Entered Level 5 of the Dungeon
  2727 | D:4      | Found a radiant altar of Vehumet.
  2740 | D:4      | Reached skill level 5 in Staves
  2970 | D:5      | Found a blossoming altar of Fedhas.
  2981 | D:5      | Noticed Menkaure
  2995 | D:5      | Killed Menkaure
  3164 | D:5      | Noticed an oklob plant
  3556 | D:5      | Reached XP level 8. HP: 39/60 MP: 8/8
  3558 | D:5      | Found an iron altar of Okawaru.
  3806 | D:5      | Found a basalt altar of Yredelemnul.
  4104 | D:6      | Noticed Blork the orc
  4171 | D:6      | Noticed Eustachio
  4176 | D:6      | Killed Eustachio
  4198 | D:6      | Killed Blork the orc
  4238 | D:6      | Found a shadowy altar of Dithmenos.
  4276 | D:6      | Reached skill level 5 in Fighting
  4331 | D:6      | Found a staircase to the Ecumenical Temple.
  4346 | D:6      | Reached XP level 9. HP: 50/68 MP: 9/9
  4374 | D:6      | Reached skill level 6 in Fighting
  4682 | D:6      | Reached skill level 1 in Dodging
  4739 | D:6      | Found a radiant altar of Vehumet.
  4966 | D:7      | Noticed a hippogriff
  4975 | D:7      | Killed a hippogriff
  5064 | D:7      | Noticed a hippogriff
  5068 | D:7      | Banished a hippogriff
  5251 | D:7      | Reached skill level 5 in Shields
  5338 | D:7      | Noticed a gargoyle
  5350 | D:7      | Killed a gargoyle
  5722 | D:8      | Reached skill level 5 in Dodging
  5880 | Temple   | Entered the Ecumenical Temple
  6187 | D:5      | Became a worshipper of Warmaster Okawaru
  6331 | D:8      | Reached XP level 10. HP: 71/77 MP: 10/10
  6376 | D:8      | Reached skill level 7 in Fighting
  6472 | D:8      | Reached * piety under Okawaru
  6472 | D:8      | Reached skill level 8 in Fighting
  6895 | D:8      | Reached skill level 9 in Fighting
  6984 | D:9      | Noticed a centaur warrior
  6992 | D:8      | Reached skill level 1 in Invocations
  7010 | D:8      | Reached ** piety under Okawaru
  7599 | D:9      | Killed a centaur warrior
  7599 | D:9      | Reached *** piety under Okawaru
  7599 | D:9      | Reached skill level 5 in Invocations
  7599 | D:9      | Reached XP level 11. HP: 49/89 MP: 15/15
  7948 | D:9      | HP: 4/89 [killer bee (6)]
  7958 | D:10     | Entered Level 10 of the Dungeon
  7961 | D:10     | HP: 3/89 [wolf (2)]
  8039 | D:10     | Noticed loom's ghost (novice DECj)
  8152 | D:10     | Killed loom's ghost
  8152 | D:10     | Reached **** piety under Okawaru
  8153 | D:10     | Found a staircase to the Orcish Mines.
  8233 | D:10     | Noticed Psyche
  8241 | D:10     | Killed Psyche
  8387 | D:10     | Noticed a hill giant
  8405 | D:10     | Killed a hill giant
  8953 | D:10     | Noticed Fannar
  8971 | D:10     | Killed Fannar
 10040 | D:11     | Noticed an unseen horror
 10050 | D:11     | Killed an unseen horror
 10107 | D:11     | Reached skill level 10 in Staves
 10161 | D:11     | Reached ***** piety under Okawaru
 10270 | D:11     | Reached XP level 12. HP: 96/96 MP: 17/17
 10431 | D:11     | Noticed a four-headed hydra
 10437 | D:11     | Banished a four-headed hydra
 10437 | D:11     | Reached skill level 10 in Fighting
 10951 | D:12     | Reached skill level 11 in Fighting
 11675 | D:12     | Received a gift from Okawaru
 11694 | D:12     | Killed from afar by a gargoyle

Skill      XL: |  1  2  3  4  5  6  7  8  9 10 11 12 |
---------------+-------------------------------------+-----
Staves         | 3 4 6 8 9 10 | 10.0
Fighting       | 4 5 6 9 11 | 11.0
Armour         | 5 6 7 9 |  9.3
Shields        | 4 5 8 |  8.0
Dodging        | 5 6 8 |  8.0
Invocations    | 5 7 |  7.0

Action                   |  1- 3 |  4- 6 |  7- 9 | 10-12 || total
-------------------------+-------+-------+-------+-------++-------
Melee: Quarterstaff      |    80 |   151 |   230 |   544 ||  1005
Invok: Heroism           |       |       |       |     6 ||     6
 Abil: Dig               |       |       |       |     2 ||     2
  Use: Potion            |       |       |     1 |     3 ||     4
       Scroll            |       |       |    14 |     4 ||    18
 Stab: Paralysed         |       |       |     2 |     4 ||     6
       Petrifying        |       |       |     1 |       ||     1
       Petrified         |       |       |     2 |     4 ||     6
  Eat: Chunk             |       |     5 |    11 |    20 ||    36
       Beef jerky        |       |       |     1 |       ||     1
Armor: Scale mail        |    48 |    31 |       |       ||    79
       Plate armour      |       |    25 |    73 |       ||    98
       Chain mail        |       |       |    43 |   187 ||   230
Dodge: Dodged            |    38 |    26 |    54 |   170 ||   288
Block: Shield            |    61 |    58 |   111 |   273 ||   503
